 Dungeon Crawl Stone Soup version 0.22-a0-284-g99d1f74 (webtiles) character file.

246 mhoghedin the Slinger (level 6, -2/39 HPs)
             Began as a Halfling Hunter on Mar 23, 2018.
             Splashed by an oklob sapling's acid (14 damage)
             ... on level 4 of the Dungeon.
             The game lasted 00:03:19 (2531 turns).

mhoghedin the Slinger (Halfling Hunter)             Turns: 2531, Time: 00:03:20

Health: -2/39      AC: -1    Str: 15    XL:     6   Next: 33%
Magic:  6/6        EV: 14    Int:  9    God:
Gold:   199        SH:  0    Dex: 15    Spells: 5/5 levels left

rFire    . . .     SeeInvis .   a - +1 hunting sling
rCold    . . .     Gourm    .   (shield restricted)
rNeg     . . .     Faith    .   c - +0 leather armour
rPois    .         Spirit   .   (no helmet)
rElec    .         Reflect  .   (no cloak)
rCorr    .         Harm     .   (no gloves)
MR       .....                  (no boots)
Stlth    ++........             (no amulet)
HPRegen  0.13/turn              (no ring)
MPRegen  0.10/turn              (no ring)

@: corroded
A: small, mutation resistance 1
a: no special abilities


You were on level 4 of the Dungeon.
You were very hungry.

You visited 1 branch of the dungeon, and saw 4 of its levels.

You collected 199 gold pieces.

Inventory:

Hand Weapons
 a - a +1 hunting sling (weapon)
Missiles
 d - 31 sling bullets (quivered)
 e - 50 stones
 x - 3 tomahawks of dispersal {=f}
Armour
 c - a +0 leather armour (worn)
 j - a +0 pair of boots
   (You found it on level 1 of the Dungeon)
Jewellery
 b - an uncursed ring of stealth {unknown}
   (You found it on level 3 of the Dungeon)
 w - an uncursed ring of resist corrosion {unknown}
   (You found it on level 3 of the Dungeon)
Scrolls
 h - a scroll of random uselessness {unknown}
 k - a scroll of remove curse {unknown}
 l - 2 scrolls of fog {unknown}
 m - 3 scrolls of identify {unknown}
 n - 2 scrolls of enchant armour {unknown}
 q - 2 scrolls of blinking {unknown}
Potions
 g - 3 potions of lignification {unknown}
 i - a potion of agility {unknown}
 o - a potion of flight {unknown}
 p - a potion of ambrosia {unknown}
 r - a potion of magic {unknown}
 s - 2 potions of curing {unknown}
 t - a potion of mutation {unknown}
 u - a potion of heal wounds {unknown}
Comestibles
 f - 4 rations


   Skills:
 - Level 1.7 Fighting
 + Level 10.2 Slings
 - Level 2.1 Dodging
 - Level 1.1 Stealth


You had 5 spell levels left.
You didn't know any spells.

Dungeon Overview and Level Annotations

Branches:
Dungeon (4/15)             Temple (0/1) D:4

Altars:
Ashenzari
Gozag
Trog
Uskayaw

Annotations:
D:4 exclusion: oklob sapling


Innate Abilities, Weirdness & Mutations

You are small and have problems with some larger weapons.
You are somewhat resistant to further mutation.


Message History

Aim: an oklob sapling Your line of fire to the oklob sapling is blocked by a plant.
Continue anyway?
You shoot a sling bullet.
The sling bullet hits the plant but does no damage.
Firing (i - inventory. (/) - cycle)
d - 46 sling bullets (quivered)
Aim: an oklob sapling Your line of fire to the oklob sapling is blocked by a plant.
Continue anyway?
You shoot a sling bullet. The sling bullet hits the plant.
Firing (i - inventory. (/) - cycle)
d - 45 sling bullets (quivered)
Aim: an oklob sapling Your line of fire to the oklob sapling is blocked by a plant.
Continue anyway?
You shoot a sling bullet. The sling bullet hits the plant.
Firing (i - inventory. (/) - cycle)
d - 44 sling bullets (quivered)
Aim: an oklob sapling Your line of fire to the oklob sapling is blocked by a plant.
Continue anyway?
You shoot a sling bullet.
The sling bullet hits the plant but does no damage.
Firing (i - inventory. (/) - cycle)
d - 43 sling bullets (quivered)
Aim: an oklob sapling Your line of fire to the oklob sapling is blocked by a plant.
Continue anyway?
You shoot a sling bullet. The sling bullet hits the plant.
Firing (i - inventory. (/) - cycle)
d - 42 sling bullets (quivered)
Aim: an oklob sapling Your line of fire to the oklob sapling is blocked by a plant.
Continue anyway?
You shoot a sling bullet. The sling bullet hits the plant.
Firing (i - inventory. (/) - cycle)
d - 41 sling bullets (quivered)
Aim: an oklob sapling Your line of fire to the oklob sapling is blocked by a plant.
Continue anyway?
You shoot a sling bullet.
The sling bullet hits the plant but does no damage.
Firing (i - inventory. (/) - cycle)
d - 40 sling bullets (quivered)
Aim: an oklob sapling Your line of fire to the oklob sapling is blocked by a plant.
Continue anyway?
You shoot a sling bullet. The sling bullet hits the plant.
You destroy the plant!
Firing (i - inventory. (/) - cycle)
d - 39 sling bullets (quivered)
Aim: an oklob sapling You shoot a sling bullet.
The sling bullet hits the oklob sapling.
Unknown command.
Unknown command.
Here: an oklob sapling (moderately damaged)
A sling bullet.
The floor.
Firing (i - inventory. (/) - cycle)
d - 38 sling bullets (quivered)
Aim: an oklob sapling (moderately damaged)
You shoot a sling bullet.
The sling bullet hits the oklob sapling but does no damage.
Firing (i - inventory. (/) - cycle)
d - 37 sling bullets (quivered)
Aim: an oklob sapling (moderately damaged)
You shoot a sling bullet.
The sling bullet hits the oklob sapling but does no damage.
The oklob sapling spits acid at you. The splash of acid hits you!
You are splashed with acid!
The acid burns!
You take 15 damage, and have 24/39 hp.
MASSIVE DAMAGE!!
Firing (i - inventory. (/) - cycle)
d - 36 sling bullets (quivered)
Aim: an oklob sapling (moderately damaged)
You shoot a sling bullet.
The sling bullet hits the oklob sapling.
The oklob sapling spits acid at you. The splash of acid hits you!
The acid corrodes you!
You are splashed with acid!
The acid burns!
* * * LOW HITPOINT WARNING * * *
You take 19 damage, and have 5/39 hp.
MASSIVE DAMAGE!!
You start resting.
You are no longer corroded.
You regained 2 hp, and now have 7/39 hp.
You start resting.
You are feeling very hungry.
You regained 10 hp, and now have 17/39 hp.
You start resting.
Health restored: 39 Really walk into a travel-excluded area?
You see here 14 gold pieces.
Firing (i - inventory. (/) - cycle)
d - 35 sling bullets (quivered)
Aim: an oklob sapling (hasn't noticed you)
You shoot a sling bullet.
The sling bullet hits the oklob sapling but does no damage.
Firing (i - inventory. (/) - cycle)
d - 34 sling bullets (quivered)
Aim: an oklob sapling You shoot a sling bullet.
The sling bullet hits the oklob sapling.
Firing (i - inventory. (/) - cycle)
d - 33 sling bullets (quivered)
Aim: an oklob sapling (moderately damaged)
You shoot a sling bullet.
The sling bullet hits the oklob sapling.
The oklob sapling spits acid at you. The splash of acid hits you!
The acid corrodes you!
You are splashed with acid!
The acid burns!
You take 15 damage, and have 24/39 hp.
MASSIVE DAMAGE!!
Firing (i - inventory. (/) - cycle)
d - 32 sling bullets (quivered)
Aim: an oklob sapling (moderately damaged)
You shoot a sling bullet.
The sling bullet hits the oklob sapling but does no damage.
The oklob sapling spits acid at you. The splash of acid hits you!
You are splashed with acid!
The acid burns!
You die...

# ..#....# #.#..#.#
....#.# #...#.##
#(.....# ##..#.#.##
### #.....#..# ..#
#.##...# ..# #.##..@#
..# ##.###..## #
..########..###...#..#
...........##P.P..P..#
..###########.PP(P...#
### #.P..PP..#
#PPP>.P/.#


#P.PPPPP## #.PPPP..# You could see an oklob sapling.

Vanquished Creatures
  Terence (D:2)
  Jessica (D:2)
  A worker ant (D:4)
  4 gnolls (D:4)
  6 adders
  2 worms
  3 leopard geckos
  2 orcs (D:3)
  2 ball pythons (D:1)
  5 bats
  3 giant cockroaches
  5 goblins
  11 hobgoblins
  3 jackals (D:1)
  6 kobolds
  2 quokkas (D:3)
  4 frilled lizards
  6 rats
  A plant (D:4)
68 creatures vanquished.

Notes
Turn   | Place    | Note
-------+----------+-------------------------------------------
     0 | D:1      | mhoghedin the Halfling Hunter began the quest for the Orb.
     0 | D:1      | Reached XP level 1. HP: 14/14 MP: 1/1
    27 | D:1      | Reached skill level 6 in Slings
    83 | D:1      | Reached XP level 2. HP: 19/19 MP: 2/2
   463 | D:1      | Reached skill level 7 in Slings
   463 | D:1      | Reached XP level 3. HP: 24/24 MP: 3/3
   516 | D:1      | Found a shattered altar of Ashenzari.
   705 | D:2      | Noticed Terence
   713 | D:2      | Killed Terence
   713 | D:2      | Reached XP level 4. HP: 29/29 MP: 4/4
   787 | D:2      | Found a hide-covered altar of Uskayaw.
   791 | D:2      | Reached skill level 8 in Slings
   855 | D:2      | Noticed Jessica
   857 | D:2      | Killed Jessica
  1224 | D:2      | Reached XP level 5. HP: 34/34 MP: 5/5
  1555 | D:3      | Found a bloodstained altar of Trog.
  1556 | D:3      | Reached skill level 9 in Slings
  1676 | D:3      | Found an opulent altar of Gozag.
  2157 | D:4      | Reached XP level 6. HP: 39/39 MP: 6/6
  2178 | D:4      | Reached skill level 10 in Slings
  2233 | D:4      | Found a staircase to the Ecumenical Temple.
  2264 | D:4      | HP: 5/39 [acid (9)]
  2531 | D:4      | Splashed by an oklob sapling's acid

Vault maps used:
D:1:      minmay_arrival_three_doors, minmay_misc_feat_roman,
          evilmike_ruin_ashenzari
D:2:      eat_drink_and_be_merry_uskayaw, uniq_jessica, uniq_terence
D:3:      nicolae_overflow_hidden_temple, first_ration, trog_butcher_becter
D:4:      grunt_temple_overflow_forces_of_nature, minitemple,
          minmay_temple_entry_oklob

Skill      XL: |  1  2  3  4  5  6 |
---------------+-------------------+-----
Slings         | 6 7 8 9 10 | 10.2
Fighting       | |  1.7
Dodging        | |  2.1
Stealth        | |  1.1

Action                   |  1- 3 |  4- 6 || total
-------------------------+-------+-------++-------
 Fire: Hunting sling     |    54 |   153 ||   207
  Eat: Chunk             |       |     3 ||     3
Armor: Leather armour    |     5 |       ||     5
Dodge: Dodged            |    13 |     7 ||    20

Table legend:
 A = Spawn XP
 B = Non-spawn XP
 C = Spawn XP percentage of total XP
 D = Spawn monster count
 E = Non-spawn monster count
 F = Spawn count percentage of total count
 G = Total turns spent on level
                    A         B        C        D         E        F      G
               +---------+---------+-------+---------+---------+-------+---------
         Total |       0 |     352 |   0.0 |       0 |      67 |   0.0 |  2531
               +---------+---------+-------+---------+---------+-------+---------
           D:1 |       0 |      32 |   0.0 |       0 |      17 |   0.0 |   646
           D:2 |       0 |     111 |   0.0 |       0 |      16 |   0.0 |   856
           D:3 |       0 |     112 |   0.0 |       0 |      28 |   0.0 |   623
           D:4 |       0 |      97 |   0.0 |       0 |       6 |   0.0 |   406
               +---------+---------+-------+---------+---------+-------+---------

Vault maps used:
D:1:      minmay_arrival_three_doors, minmay_misc_feat_roman,
          evilmike_ruin_ashenzari
D:2:      eat_drink_and_be_merry_uskayaw, uniq_jessica, uniq_terence
D:3:      nicolae_overflow_hidden_temple, first_ration, trog_butcher_becter
D:4:      grunt_temple_overflow_forces_of_nature, minitemple,
          minmay_temple_entry_oklob

Table legend:
 A = Turns spent in this place as a percentage of turns spent in the entire game.
 B = Non-inter-level travel turns spent in this place as a percentage of non-inter-level travel turns spent in the entire game.
 C = Inter-level travel turns spent in this place as a percentage of turns spent in this place.
 D = Turns resting spent in this place as a percentage of non-inter-level travel turns spent in this place.
 E = Turns spent auto-exploring this place as a percentage of non-inter-level travel turns spent in this place.
 F = Non-inter-level travel turns spent in this place divided by the number of levels of this place that you've seen.
                   A       B       C       D       E      F
               +-------+-------+-------+-------+-------+----------------------
         Total | 100.0 | 100.0 |   4.3 |  15.8 |  71.2 | 605.8
       Dungeon | 100.0 | 100.0 |   4.3 |  15.8 |  71.2 | 605.8
               +-------+-------+-------+-------+-------+----------------------

Table legend:
 A = Kills in this place as a percentage of kills in entire the game.
 B = Kills by you in this place as a percentage of kills by you in the entire game.
 C = Kills by friends in this place as a percentage of kills by friends in the entire game.
 D = Other kills in this place as a percentage of other kills in the entire game.
 E = Experience gained in this place as a percentage of experience gained in the entire game.
 F = Experience gained in this place divided by the number of levels of this place that you have seen.
                   A       B       C       D       E      F
               +-------+-------+-------+-------+-------+----------------------
         Total | 100.0 | 100.0 |   N/A |   N/A | 100.0 |  88.0
       Dungeon | 100.0 | 100.0 |   N/A |   N/A | 100.0 |  88.0
               +-------+-------+-------+-------+-------+----------------------
